 Dungeon Crawl Stone Soup version 0.28-a0-1624-g820543e53a (webtiles) character file.

Game seed: 4581511538045387816

184637 bearlyready the Basher (level 18, -16/144 HPs)
             Began as a Gnoll Cinder Acolyte on Jan 23, 2022.
             Was the Champion of Cheibriados.
             Demolished by a salamander (18 damage)
             ... on level 1 of the Snake Pit.
             The game lasted 01:11:30 (29916 turns).

bearlyready the Basher (Gnoll Cinder Acolyte)      Turns: 29916, Time: 01:11:31

Health: -16/144    AC: 33    Str: 32    XL:     18   Next: 1%
Magic:  17/34      EV: 25    Int: 28    God:    Cheibriados [******]
Gold:   3291       SH: 18    Dex: 34    Spells: 15/41 levels left

rFire   . . .      SeeInvis .   m - +8 demon blade "Leech" {vamp, Harm Drain rN+}
rCold   + . .      Faith    .   E - +2 kite shield {rC+}
rNeg    + . .      Spirit   .   v - +18 Lear's hauberk
rPois   .          Reflect  .   (helmet currently unavailable)
rElec   .          Harm     +   u - +2 cloak {Will+}
rCorr   .          Rampage  .   (gloves currently unavailable)
Will    ++...                   (boots currently unavailable)
Stlth   +++.......              s - amulet of regeneration
HPRegen 1.14/turn               w - +6 ring of dexterity
MPRegen 0.24/turn               g - +4 ring of evasion

@: lethally poisoned (-16 -> -16), weakened, wereblooded, very slow
A: fangs 1, strong nose, distributed training
}: 1/15 runes: barnacled
a: Renounce Religion, Bend Time, Temporal Distortion, Slouch, Step From Time


You were on level 1 of the Snake Pit.
You worshipped Cheibriados.
Cheibriados was exalted by your worship.
You visited 6 branches of the dungeon, and saw 29 of its levels.
You visited the Abyss 1 time.
You also visited: Sewer and Ice Cave.

You collected 3933 gold pieces.
You spent 642 gold pieces at shops.

Inventory:

Hand Weapons
 m - the +8 demon blade "Leech" (weapon) {vamp, Harm Drain rN+}
   (You found it on level 3 of the Lair of Beasts)

   It heals its wielder for a portion of the damage dealt every time it strikes
   a living foe.
   rN:        It protects you from negative energy.
   Drain:     It drains your maximum health when unequipped.
   Harm:      It increases damage dealt and taken.
 B - the +7 Singing Sword {vorpal, sonic wave}
   (You found it on level 4 of the Shoals)

   It inflicts extra damage upon your enemies.
   It radiates damaging sonic waves as it strikes, especially in combat
   involving dangerous or numerous foes.
 M - a +0 fustibalus of venom
 Z - a +7 broad axe of freezing
Missiles
 l - 771 stones
 n - 5 silver boomerangs
 Q - 309 sling bullets
 R - 5 silver javelins
 W - 6 javelins (quivered)
 Y - 21 boomerangs
Armour
 r - a +1 pair of boots of flying
 u - a +2 cloak of willpower (worn)
 v - the +18 Lear's hauberk (worn)
   (You found it on level 3 of the Dungeon)
 E - a +2 kite shield of cold resistance (worn)
 L - the +0 helmet of Polish {rElec rF+ Stlth+}
   (You found it on level 1 of the Snake Pit)

   rF:        It protects you from fire.
   rElec:     It insulates you from electricity.
   Stlth:     It makes you more stealthy.
 O - a +1 pair of gloves
Jewellery
 a - a ring of see invisible
 g - a +4 ring of evasion (right hand)
 s - an amulet of regeneration (around neck)
 w - a +6 ring of dexterity (left hand)
 X - a ring of resist corrosion
Wands
 z - a wand of digging (5)
 A - a wand of polymorph (12)
 D - a wand of iceblast (12)
 G - a wand of paralysis (36)
 P - a wand of charming (6)
 T - a wand of flame (52)
Scrolls
 d - 5 scrolls of amnesia
 h - 3 scrolls of blinking
 i - 2 scrolls of fog
 j - 2 scrolls of brand weapon
 q - 3 scrolls of holy word
 x - 2 scrolls of torment
 y - 3 scrolls of magic mapping
 J - 3 scrolls of enchant armour
 S - 3 scrolls of teleportation
Potions
 e - 3 potions of ambrosia
 k - 4 potions of berserk rage
 o - 6 potions of heal wounds
 p - 2 potions of invisibility
 t - 3 potions of resistance
 C - 5 potions of flight
 F - 3 potions of lignification
 H - 6 potions of cancellation
 I - a potion of attraction
 K - 3 potions of mutation
 N - 2 potions of brilliance
 U - 2 potions of might
 V - 8 potions of curing
Miscellaneous
 b - a box of beasts
 f - a phial of floods


   Skills:
 + Level 13.6 Fighting
 + Level 12.1 Short Blades
 + Level 12.1 Long Blades
 + Level 12.1 Axes
 + Level 13.6 Maces & Flails
 + Level 12.1 Polearms
 + Level 12.1 Staves
 + Level 12.1 Slings
 + Level 12.1 Bows
 + Level 12.1 Crossbows
 + Level 12.1 Throwing
 + Level 12.1 Armour
 + Level 12.1 Dodging
 + Level 12.1 Stealth
 + Level 12.1 Shields
 + Level 12.1 Unarmed Combat
 + Level 12.4 Spellcasting
 + Level 10.2 Conjurations
 + Level 10.2 Hexes
 + Level 10.2 Summonings
 + Level 10.2 Necromancy
 + Level 10.2 Translocations
 + Level 10.2 Transmutations
 + Level 11.5 Fire Magic
 + Level 10.2 Ice Magic
 + Level 10.2 Air Magic
 + Level 10.2 Earth Magic
 + Level 10.2 Poison Magic
 + Level 13.1 Invocations
 + Level 12.1 Evocations


You had 15 spell levels left.
You knew the following spells:

 Your Spells              Type           Power      Damage    Failure   Level
a - Scorch                Fire           100%       2d10      1%          2
b - Frozen Ramparts       Ice            100%       1d12      1%          3
c - Borgnjor's Vile Clut  Necr/Erth      32%        N/A       9%          5
d - Animate Armour        Summ/Erth      100%       N/A       3%          4
e - Anguish               Hex/Necr       32%        N/A       3%          4
f - Wereblood             Tmut           65%        N/A       1%          2
g - Statue Form           Tmut/Erth      43%        N/A       43%         6

Your spell library contained the following spells:

 Spells                   Type           Power      Damage    Failure   Level
 Beastly Appendage        Tmut           100%       N/A       1%          1
 Freeze                   Ice            100%       1d11      1%          1
 Blink                    Tloc           100%       N/A       1%          2
 Poisonous Vapours        Pois/Air       100%       N/A       1%          2
 Static Discharge         Conj/Air       65%        N/A       1%          2
 Gell's Gravitas          Tloc           65%        N/A       1%          3
 Ignite Poison            Fire/Tmut/Pois 67%        N/A       1%          3
 Lesser Beckoning         Tloc           65%        N/A       1%          3
 Mephitic Cloud           Conj/Pois/Air  65%        N/A       1%          3
 Spider Form              Tmut/Pois      65%        N/A       1%          3
 Teleport Other           Tloc           65%        N/A       1%          3
 Tukima's Dance           Hex            65%        N/A       1%          3
 Flame Wave               Conj/Fire      68%        2d13      2%          4
 Airstrike                Air            32%        N/A       3%          4
 Fulminant Prism          Conj/Hex       32%        3d16      3%          4
 Hailstorm                Conj/Ice       65%        3d14      3%          4
 Iskenderun's Mystic Bla  Conj/Tloc      65%        2d13      3%          4
 Leda's Liquefaction      Hex/Erth       32%        N/A       3%          4
 Passage of Golubria      Tloc           65%        N/A       3%          4
 Summon Lightning Spire   Summ/Air       65%        N/A       3%          4
 Alistair's Intoxication  Tmut/Pois      43%        N/A       9%          5
 Blade Hands              Tmut           32%        N/A       9%          5
 Freezing Cloud           Conj/Ice/Air   32%        6-21      9%          5
 Lee's Rapid Deconstruct  Erth           32%        3d18*     9%          5
 Lightning Bolt           Conj/Air       32%        1d50      9%          5
 Manifold Assault         Tloc           65%        N/A       9%          5
 Silence                  Hex/Air        32%        N/A       9%          5
 Eringya's Noxious Bog    Tmut/Pois      32%        N/A       43%         6
 Iron Shot                Conj/Erth      32%        9d7       43%         6
 Summon Cactus Giant      Summ           32%        N/A       43%         6
 Enfeeble                 Hex            32%        N/A       95%         7
 Storm Form               Tmut/Air       32%        N/A       95%         7
 Lehudib's Crystal Spear  Conj/Erth      32%        10d8      100%        8
 Maxwell's Capacitive Co  Air            32%        ∞         100%        8


Dungeon Overview and Level Annotations

Branches:
Dungeon (15/15)            Temple (1/1) D:7            Lair (6/6) D:8
 Shoals (4/4) Lair:2        Snake (1/4) Lair:2        Slime (0/5) Lair:5
    Orc (2/2) D:11            Elf (0/3) Orc:2        Vaults (0/5) D:14
 Depths (0/4) D:15          Sewer (visited)           IceCv (visited)

Altars:
Ashenzari
Cheibriados
Dithmenos
Elyvilon
Fedhas
Gozag
Hepliaklqana
Kikubaaqudgha
Makhleb
Nemelex Xobeh
Okawaru
Qazlal
Ru
Sif Muna
Trog
Uskayaw
Vehumet
Wu Jian
Xom
Yredelemnul
Zin
The Shining One
Beogh
Jiyva

Shops:
D:4 *   D:7 ?   D:12 *   Orc:2 *[((*

Annotations:
Lair:5 1 runed translucent door


Innate Abilities, Weirdness & Mutations

You have very sharp teeth.
Your uncanny sense of smell can sniff out nearby items.
Your experience applies equally to all skills.


Message History

You kill the salamander!
Cheibriados appreciates the change of pace.
The zombie hands constrict the salamander tyrant.
The zombie hands constrict the salamander!
You feel sick. You block the salamander's attack.
The salamander tyrant gazes fiercely through you!
You feel as though you will be weak longer.
The salamander tyrant struggles to escape constriction.
You block the salamander's attack.
Aiming: Corrosive Bolt
Press: ? - help, Shift-Dir - straight line, f/p - salamander tyrant
Aim: a salamander tyrant (severely wounded, covered in acid, constricted by zombie hands, 100% to hit)
The bolt of acid hits the salamander tyrant!!!
The salamander tyrant seems to be corroded for longer.
You feel a bit better.
You kill the salamander tyrant!
Cheibriados appreciates the change of pace.
The bolt of acid hits the salamander!!!
The salamander seems to be corroded for longer.
You kill the salamander!
Cheibriados thoroughly appreciates the change of pace.
The bolt of acid hits the salamander!
The acid corrodes the salamander!
The salamander is moderately wounded.
The now-empty wand crumbles to dust.
You hear an angry hiss.
You have reached level 18!
Okay, then.
Casting: Borgnjor's Vile Clutch (dangerous; 9% risk of failure)
Confirm with . or Enter, or press ? or * to list all spells.
Aiming: Borgnjor's Vile Clutch (dangerous; 9% risk of failure)
Press: ? - help, Shift-Dir - straight line, f - salamander
Aim: a salamander, wielding a +0 spear (lightly wounded, fast, covered in acid, 100% to hit)
Zombie hands grab the salamander.
The zombie hands constrict the salamander!
You feel sick. The salamander completely misses you.
A black mamba comes into view.
The salamander hits you from afar with a +0 spear!
* * * LOW HITPOINT WARNING * * *
You are engulfed in flames!
You die...

∆∆∆
#......#######.... .#
.≈#..........##.....
≈≈.≈.
#.≈#......#..........
≈..≈..
#..#.....#####......#
≈.≈#NN###≈.#..?.##
##......
≈.≈§....≈≈.#...##
##.......
#....≈≈....#..##
#.....)..
##≈≈≈§##§≈##.##
#....##....
....$().))N.@# #.....
#.... .###.S#$##...#
#.....# #...)
#.....##..## #..###
##... #..####.#.# ##.
#... #.. #.### #..#
#.∆ #. #..# .. ##
#..# . #####..#
#..##...


You could see a salamander (fast, corroded, clutched) and a black mamba.

Vanquished Creatures
  Nikola (Shoals:3)
  An Executioner (Abyss:4)
  A titan (Shoals:1)
  2 tentacled starspawn (Abyss:4)
  Agnes (Snake:1)
  A fenstrider witch (Shoals:4)
  A frost giant (Shoals:1)
  An orc warlord (Orc:1)
  An angel (Abyss:4)
  A stone giant (Shoals:1)
  A spark wasp (D:13)
  A dire elephant (Lair:6)
  4 merfolk javelineers
  5 merfolk impalers
  2 fire dragons
  Fannar (D:11)
  The ghost of Mootru the Fighter, a journeyman PaFi of Ru (Lair:1)
  Josephine (D:10)
  Harold (D:8)
  2 ice dragons (D:15)
  3 rakshasas
  A salamander tyrant (Snake:1)
  3 hydras
  Erolcha (D:11)
  An anaconda (Snake:1)
  A naga warrior (Snake:1)
  2 boulder beetles
  Erica (D:10)
  A merfolk avatar (Shoals:4)
  A satyr (Shoals:3)
  5 centaur warriors
  A merfolk aquamancer (Shoals:3)
  2 dancing weapons (Abyss:4)
  10 death yaks
  6 two-headed ogres
  Urug (Lair:2)
  4 naga sharpshooters (Snake:1)
  An orc high priest (Orc:1)
  A shock serpent (Snake:1)
  Nergalle (D:10)
  A wretched star (Abyss:4)
  11 sea snakes
  A sixfirhy (Abyss:4)
  2 spatial maelstroms (Abyss:4)
  A salamander mystic (Snake:1)
  2 lindwurms (Lair:6)
  A wizard (D:14)
  A necromancer (D:14)
  4 orc knights
  2 mana vipers (Snake:1)
  3 deep elf pyromancers
  13 harpies
  10 cyclopes
  An ugly thing (D:12)
  5 salamanders (Snake:1)
  18 fauns
  7 orc sorcerers
  3 oklob plants (Lair:5)
  14 elephants
  14 manticores
  6 black mambas
  A naga mage (Snake:1)
  8 merfolk sirens
  An ice statue (IceCv)
  2 smoke demons (Abyss:4)
  2 apocalypse crabs (Abyss:4)
  5 torpor snails (Lair:6)
  7 cane toads
  A molten gargoyle (Lair:2)
  7 water nymphs
  A gargoyle (D:14)
  3 rime drakes
  An unseen horror (Abyss:2)
  Psyche (D:9)
  5 komodo dragons
  An ancient zyme (Abyss:4)
  8 trolls
  A freezing wraith (Abyss:3)
  17 polar bears
  29 merfolk
  5 wind drakes
  7 hornets (Lair:6)
  3 tyrant leeches (Lair:6)
  Grinder (D:4)
  16 blink frogs
  7 snapping turtles
  4 slime creatures
  7 raiju
  12 dream sheep
  A shadow (D:9)
  6 water elementals
  12 wraiths
  A vampire (Abyss:4)
  4 basilisks
  41 yaks
  4 wyverns
  A ynoxinul (Abyss:4)
  8 fire bats
  2 small abominations (Abyss:4)
  16 fire elementals
  Grum (D:10)
  A steam dragon (D:7)
  10 vampire mosquitoes
  A chaos spawn (Abyss:4)
  A neqoxec (Abyss:4)
  13 wargs
  17 nagas
  5 spatial vortices (Abyss:4)
  3 acid dragons
  15 hell hounds
  14 water moccasins
  Duvessa (D:7)
  4 ice beasts
  32 orc warriors
  8 large abominations (Abyss:4)
  14 black bears
  3 necrophages
  4 starcursed masses (Abyss:4)
  30 centaurs
  54 wolves
  5 ogres
  A phantom (D:6)
  2 scorpions
  2 kobold brigands
  Blork the orc (D:6)
  9 bullfrogs
  2 wyvern zombies (D:7)
  A water moccasin zombie (D:6)
  Dowan (D:7)
  A water moccasin skeleton (D:7)
  9 killer bees
  15 wights
  7 centaur zombies
  2 lava snakes (D:12)
  2 hounds
  A jelly (D:4)
  Crazy Yiuf (D:2)
  16 orc priests
  Natasha (thrice) (D:4)
  3 iguanas
  46 orc wizards
  5 hell rats (Lair:6)
  A killer bee zombie (D:7)
  A centaur simulacrum (D:9)
  A hound skeleton (D:4)
  A howler monkey zombie (D:7)
  A howler monkey skeleton (D:6)
  10 river rats
  5 adders
  2 shadow imps
  2 white imps
  6 ufetubi
  An adder skeleton (D:4)
  A worm (D:2)
  68 orcs
  10 ball pythons
  4 endoplasms
  6 giant cockroaches
  11 goblins
  8 hobgoblins
  8 jackals
  4 quokkas
  8 bats
  9 frilled lizards
  14 kobolds
  29 rats
  3 fire vortices (D:12)
  A lurking horror (Abyss:4)
1037 creatures vanquished.

Vanquished Creatures (collateral kills)
  Gastronok (Lair:2)
  The ghost of Bearnado the Carver, a journeyman MiBe of Trog (Lair:1)
  The ghost of dolemite99 the Fighter, a journeyman MiCK of Cheibriados (Lair:1)
  3 death yaks (Lair:2)
  A manticore (Shoals:4)
  A cyclops (Shoals:2)
  2 elephants (Lair:3)
  A molten gargoyle (Lair:2)
  A torpor snail (Lair:6)
  A slime creature (D:13)
  10 dream sheep
  A snapping turtle (Shoals:4)
  A yak (Lair:2)
25 creatures vanquished.

Vanquished Creatures (others)
  Mara (Shoals:4)
  A kraken (Shoals:4)
  A merfolk avatar (Shoals:4)
  2 satyrs (Shoals:4)
  A sea snake (Shoals:4)
  A harpy (Shoals:2)
  A manticore (Shoals:4)
  4 fauns (Shoals:4)
  A merfolk siren (Shoals:4)
  A water nymph (Shoals:4)
  2 merfolk (Shoals:4)
  A polar bear (IceCv)
  A small abomination (Abyss:4)
  An orc wizard (Orc:2)
  2 orcs
  23 fungi
  A lurking horror (Abyss:4)
  176 plants
  6 starspawn tentacles (Abyss:4)
  12 tentacles (Shoals:4)
  4 withered plants (Lair:1)
243 creatures vanquished.

Grand Total: 1305 creatures vanquished

Notes
Turn   | Place    | Note
-------+----------+-------------------------------------------
     0 | D:1      | bearlyready the Gnoll Cinder Acolyte began the quest for
                  | the Orb.
     0 | D:1      | Reached XP level 1. HP: 23/23 MP: 4/4
   163 | D:1      | Reached XP level 2. HP: 28/29 MP: 5/5
   195 | D:1      | Learned a level 2 spell: Scorch
   521 | D:1      | Reached XP level 3. HP: 14/35 MP: 4/7
   919 | D:1      | Found a faded altar of an unknown god.
  1132 | D:2      | Reached skill level 1 in Invocations
  1237 | D:2      | Reached skill level 1 in Short Blades
  1237 | D:2      | Reached skill level 1 in Long Blades
  1237 | D:2      | Reached skill level 1 in Axes
  1237 | D:2      | Reached skill level 1 in Polearms
  1237 | D:2      | Reached skill level 1 in Staves
  1237 | D:2      | Reached skill level 1 in Slings
  1237 | D:2      | Reached skill level 1 in Bows
  1237 | D:2      | Reached skill level 1 in Crossbows
  1237 | D:2      | Reached skill level 1 in Throwing
  1237 | D:2      | Reached skill level 1 in Armour
  1237 | D:2      | Reached skill level 1 in Dodging
  1237 | D:2      | Reached skill level 1 in Stealth
  1237 | D:2      | Reached skill level 1 in Shields
  1237 | D:2      | Reached skill level 1 in Unarmed Combat
  1237 | D:2      | Reached skill level 1 in Evocations
  1683 | D:2      | Learned a level 3 spell: Frozen Ramparts
  1700 | D:2      | Reached XP level 4. HP: 38/41 MP: 5/8
  1811 | D:2      | Found a runed translucent door.
  1812 | D:2      | Noticed Crazy Yiuf
  1820 | D:2      | Killed Crazy Yiuf
  1928 | D:3      | Found the +18 Lear's hauberk
  1939 | D:2      | Reached skill level 1 in Conjurations
  1939 | D:2      | Reached skill level 1 in Hexes
  1939 | D:2      | Reached skill level 1 in Summonings
  1939 | D:2      | Reached skill level 1 in Necromancy
  1939 | D:2      | Reached skill level 1 in Translocations
  1939 | D:2      | Reached skill level 1 in Transmutations
  1939 | D:2      | Reached skill level 1 in Ice Magic
  1939 | D:2      | Reached skill level 1 in Air Magic
  1939 | D:2      | Reached skill level 1 in Earth Magic
  1939 | D:2      | Reached skill level 1 in Poison Magic
  2623 | D:4      | Reached XP level 5. HP: 43/47 MP: 9/9
  2756 | D:4      | Noticed Grinder
  2756 | D:4      | Noticed an ogre
  2772 | D:5      | Entered Level 5 of the Dungeon
  2837 | D:5      | Noticed a kobold brigand
  2860 | D:5      | Killed a kobold brigand
  2861 | D:5      | Reached XP level 6. HP: 53/53 MP: 9/11
  2936 | D:5      | Noticed a necrophage
  2951 | D:5      | Killed a necrophage
  3277 | D:5      | Noticed a water moccasin
  3290 | D:5      | Killed a water moccasin
  3291 | D:5      | Reached XP level 7. HP: 47/60 MP: 12/12
  3849 | D:6      | Reached XP level 8. HP: 60/63 MP: 14/14
  3916 | D:6      | Found a glowing drain.
  3926 | Sewer    | Entered a sewer
  4908 | D:6      | Noticed Blork the orc
  4919 | D:6      | Killed Blork the orc
  5269 | D:7      | Reached XP level 9. HP: 69/73 MP: 16/16
  5274 | D:7      | Found a staircase to the Ecumenical Temple.
  5317 | Temple   | Entered the Ecumenical Temple
  5542 | Temple   | Fell from the grace of Ignis
  5542 | Temple   | Became a worshipper of Cheibriados the Contemplative
  5821 | D:4      | Noticed Natasha
  5827 | D:4      | Killed Natasha
  5865 | D:4      | Noticed Natasha
  5872 | D:4      | Killed Natasha
  5984 | D:4      | Paralysed by Grinder for 4 turns
  6004 | D:4      | Paralysed by Grinder for 2 turns
  6008 | D:4      | Killed Grinder
  6009 | D:4      | Reached skill level 5 in Spellcasting
  6105 | D:4      | Found Naoc Ovyff's General Store.
  6110 | D:4      | Bought a scroll of enchant weapon for 105 gold pieces
  6110 | D:4      | Bought a potion of flight for 42 gold pieces
  6110 | D:4      | Bought a scroll of teleportation for 42 gold pieces
  6122 | D:4      | Noticed Natasha
  6127 | D:4      | Killed Natasha
  6229 | D:7      | Noticed Dowan
  6311 | D:7      | Noticed Duvessa
  6328 | D:7      | Killed Duvessa
  6349 | D:7      | Killed Dowan
  6574 | D:8      | Reached skill level 5 in Invocations
  6576 | D:8      | Reached * piety under Cheibriados
  6688 | D:8      | Found a staircase to the Lair.
  6688 | D:8      | Noticed an elephant
  6704 | D:8      | Reached XP level 10. HP: 66/80 MP: 18/18
  6741 | D:8      | Killed an elephant
  6742 | D:8      | Reached skill level 5 in Short Blades
  6742 | D:8      | Reached skill level 5 in Long Blades
  6742 | D:8      | Reached skill level 5 in Axes
  6742 | D:8      | Reached skill level 5 in Polearms
  6742 | D:8      | Reached skill level 5 in Staves
  6742 | D:8      | Reached skill level 5 in Slings
  6742 | D:8      | Reached skill level 5 in Bows
  6742 | D:8      | Reached skill level 5 in Crossbows
  6742 | D:8      | Reached skill level 5 in Throwing
  6742 | D:8      | Reached skill level 5 in Armour
  6742 | D:8      | Reached skill level 5 in Dodging
  6742 | D:8      | Reached skill level 5 in Stealth
  6742 | D:8      | Reached skill level 5 in Shields
  6742 | D:8      | Reached skill level 5 in Unarmed Combat
  6742 | D:8      | Reached skill level 5 in Evocations
  7099 | D:8      | Found a shadowy altar of Dithmenos.
  7210 | D:9      | Reached ** piety under Cheibriados
  7719 | D:9      | Noticed Psyche
  7745 | D:9      | Killed Psyche
  8288 | D:10     | Entered Level 10 of the Dungeon
  8293 | D:10     | Noticed Grum
  8321 | D:10     | Killed Grum
  8321 | D:10     | Reached *** piety under Cheibriados
  8351 | D:10     | Noticed Nergalle
  8361 | D:10     | Killed Nergalle
  8362 | D:10     | Reached XP level 11. HP: 40/87 MP: 20/20
  8391 | D:10     | Reached skill level 5 in Conjurations
  8391 | D:10     | Reached skill level 5 in Hexes
  8391 | D:10     | Reached skill level 5 in Summonings
  8391 | D:10     | Reached skill level 5 in Necromancy
  8391 | D:10     | Reached skill level 5 in Translocations
  8391 | D:10     | Reached skill level 5 in Transmutations
  8391 | D:10     | Reached skill level 5 in Ice Magic
  8391 | D:10     | Reached skill level 5 in Air Magic
  8391 | D:10     | Reached skill level 5 in Earth Magic
  8391 | D:10     | Reached skill level 5 in Poison Magic
  8393 | D:10     | Noticed Harold
  8423 | D:8      | Killed Harold
  8723 | D:7      | Found Dasyre's Magic Scroll Shop.
  9129 | D:7      | Bought a scroll of blinking for 97 gold pieces
  9129 | D:7      | Bought a scroll of teleportation for 39 gold pieces
  9129 | D:7      | Bought a scroll of magic mapping for 45 gold pieces
  9129 | D:7      | Bought a scroll of teleportation for 39 gold pieces
  9315 | D:10     | Noticed Josephine
  9324 | D:9      | Reached **** piety under Cheibriados
  9370 | D:10     | Killed Josephine
  9655 | D:10     | Noticed Erica
  9666 | D:10     | Killed Erica
  9904 | D:10     | Was forgiven by Ignis
 10003 | D:11     | Noticed Fannar
 10139 | D:11     | Noticed Erolcha
 10147 | D:11     | Killed Erolcha
 10159 | D:11     | Noticed a two-headed ogre
 10174 | D:11     | Killed a two-headed ogre
 10177 | D:11     | Reached XP level 12. HP: 60/96 MP: 23/23
 10294 | D:11     | Noticed a two-headed ogre
 10300 | D:11     | Killed a two-headed ogre
 10411 | D:11     | Found a staircase to the Orcish Mines.
 10564 | D:11     | Killed Fannar
 11102 | D:12     | Found a frozen archway.
 11119 | IceCv    | Entered an ice cave
 11137 | IceCv    | Reached ***** piety under Cheibriados
 11290 | IceCv    | Noticed a death yak
 11290 | IceCv    | Noticed a death yak
 11290 | IceCv    | Noticed a death yak
 11303 | IceCv    | Killed a death yak
 11304 | IceCv    | Reached skill level 10 in Fighting
 11304 | IceCv    | Reached skill level 10 in Maces & Flails
 11313 | IceCv    | Killed a death yak
 11314 | IceCv    | Killed a death yak
 11590 | IceCv    | Reached XP level 13. HP: 103/103 MP: 25/25
 11786 | IceCv    | Noticed a frost giant
 11817 | IceCv    | Identified a scroll of acquirement
 12257 | D:12     | Found Muykhom's General Store.
 12422 | D:12     | Reached ****** piety under Cheibriados
 13488 | D:13     | Noticed a spark wasp
 13488 | D:13     | a slime creature changed into a spark wasp
 13488 | D:13     | Noticed a spark wasp
 13488 | D:13     | a slime creature changed into a spark wasp
 13874 | D:14     | Noticed a rakshasa
 13876 | D:14     | Cast into level 2 of the Abyss (a wizard)
 13949 | Abyss:2  | Noticed a tentacled starspawn
 13972 | Abyss:2  | Noticed a rakshasa
 13981 | Abyss:2  | Killed a rakshasa
 14016 | Abyss:3  | Noticed a tentacled starspawn
 14018 | Abyss:3  | Found a corrupted altar of Lugonu.
 14019 | Abyss:3  | Noticed a green death
 14019 | Abyss:3  | Noticed a starcursed mass
 14019 | Abyss:3  | Noticed a starcursed mass
 14020 | Abyss:3  | Noticed an ancient lich
 14020 | Abyss:3  | Noticed a tentacled monstrosity
 14021 | Abyss:3  | Noticed a lich
 14024 | Abyss:3  | Found a transporter.
 14025 | Abyss:3  | Noticed a quicksilver ooze
 14025 | Abyss:3  | a six-headed hydra changed into a quicksilver ooze
 14027 | Abyss:3  | Noticed a spark wasp
 14027 | Abyss:3  | a quicksilver ooze changed into a spark wasp
 14040 | Abyss:3  | Noticed a bone dragon
 14059 | Abyss:3  | Found a corrupted altar of Lugonu.
 14174 | Abyss:4  | Noticed a starcursed mass
 14213 | Abyss:4  | Noticed a rakshasa
 14248 | Abyss:4  | Killed a rakshasa
 14308 | Abyss:4  | Noticed a hellephant
 14320 | Abyss:4  | Noticed an angel
 14326 | Abyss:4  | Noticed a hellephant
 14357 | Abyss:4  | Killed an angel
 14357 | Abyss:4  | Noticed a balrug
 14458 | Abyss:4  | Noticed a tentacled starspawn
 14472 | Abyss:4  | Killed a tentacled starspawn
 14517 | Abyss:4  | Noticed a starcursed mass
 14616 | Abyss:4  | Found a corrupted altar of Lugonu.
 14826 | Abyss:4  | Noticed a tentacled starspawn
 14841 | Abyss:4  | Killed a tentacled starspawn
 15047 | Abyss:4  | Noticed an Executioner
 15068 | Abyss:4  | Killed an Executioner
 15071 | D:14     | Escaped the Abyss
 15196 | D:14     | Killed a rakshasa
 15213 | D:14     | Reached XP level 14. HP: 113/113 MP: 21/27
 15217 | D:14     | Found a gate to the Vaults.
 15614 | D:15     | Entered Level 15 of the Dungeon
 16256 | D:15     | Found a staircase to the Depths.
 16848 | Lair:1   | Entered Level 1 of the Lair of Beasts
 16849 | Lair:1   | Found a runed translucent gate.
 16851 | Lair:1   | Found a runed translucent gate.
 16852 | Lair:1   | Found a runed translucent gate.
 16853 | Lair:1   | Noticed dolemite99's ghost (journeyman MiCK)
 16853 | Lair:1   | Noticed Mootru's ghost (journeyman PaFi)
 16854 | Lair:1   | Noticed Bearnado's ghost (journeyman MiBe)
 16898 | Lair:1   | Reached skill level 10 in Invocations
 17016 | Lair:1   | Identified the +8 ring mail of the Falcon {rCorr Stlth+}
 17513 | Lair:1   | Learned a level 5 spell: Borgnjor's Vile Clutch
 17940 | Lair:1   | Learned a level 4 spell: Animate Armour
 18171 | Lair:2   | Noticed Gastronok
 18181 | Lair:2   | Killed Gastronok
 18368 | Lair:2   | Found a staircase to the Shoals.
 18535 | Lair:2   | Noticed Urug
 18548 | Lair:2   | Killed Urug
 18575 | Lair:2   | Found a staircase to the Snake Pit.
 18759 | Lair:2   | Found a shimmering blue altar of Sif Muna.
 18826 | Lair:2   | Reached skill level 10 in Spellcasting
 19203 | Lair:2   | Reached XP level 15. HP: 120/120 MP: 29/29
 19384 | Lair:3   | Reached skill level 10 in Fire Magic
 19607 | Lair:3   | Found the +8 demon blade "Leech" {vamp, Harm Drain rN+}
 20018 | Lair:3   | Identified the +5 war axe of the Ten Planets {freeze, rF+
                  | rN+ Str+3 Stlth+}
 20041 | Lair:3   | Acquired 367 gold pieces
 20578 | Lair:4   | Found an ornate altar of the Wu Jian Council.
 21003 | Lair:5   | Reached skill level 10 in Short Blades
 21003 | Lair:5   | Reached skill level 10 in Long Blades
 21003 | Lair:5   | Reached skill level 10 in Axes
 21003 | Lair:5   | Reached skill level 10 in Polearms
 21003 | Lair:5   | Reached skill level 10 in Staves
 21003 | Lair:5   | Reached skill level 10 in Slings
 21003 | Lair:5   | Reached skill level 10 in Bows
 21003 | Lair:5   | Reached skill level 10 in Crossbows
 21003 | Lair:5   | Reached skill level 10 in Throwing
 21003 | Lair:5   | Reached skill level 10 in Armour
 21003 | Lair:5   | Reached skill level 10 in Dodging
 21003 | Lair:5   | Reached skill level 10 in Stealth
 21003 | Lair:5   | Reached skill level 10 in Shields
 21003 | Lair:5   | Reached skill level 10 in Unarmed Combat
 21003 | Lair:5   | Reached skill level 10 in Evocations
 21159 | Lair:5   | Found a runed translucent door.
 21159 | Lair:5   | Noticed an azure jelly
 21160 | Lair:5   | Found a viscous altar of Jiyva.
 21161 | Lair:5   | Found a staircase to the Slime Pits.
 21161 | Lair:5   | Noticed an azure jelly
 22025 | Lair:6   | Entered Level 6 of the Lair of Beasts
 22978 | Lair:6   | Found a runed translucent door.
 23033 | Lair:6   | Paralysed by a hornet for 3 turns
 23260 | Lair:6   | Reached XP level 16. HP: 104/128 MP: 30/30
 23585 | Lair:1   | Killed Mootru's ghost
 23589 | Lair:1   | Killed dolemite99's ghost
 23593 | Lair:1   | Killed Bearnado's ghost
 23692 | Orc:1    | Entered Level 1 of the Orcish Mines
 23794 | Orc:2    | Entered Level 2 of the Orcish Mines
 23957 | Orc:2    | Found Ruorrom's Assorted Antiques.
 23973 | Orc:2    | Bought a potion of curing for 78 gold pieces
 24034 | Orc:2    | Found Nom Pi Odgh's Antique Weapon Shop.
 24034 | Orc:2    | Found Deudeyxt's Armour Emporium.
 24116 | Orc:2    | Found Feuna's Weapon Emporium.
 24224 | Orc:2    | Found a staircase to the Elven Halls.
 24308 | Orc:2    | Found Kuomp's Assorted Antiques.
 24333 | Orc:2    | Bought a potion of heal wounds for 155 gold pieces
 25544 | Shoals:1 | Entered Level 1 of the Shoals
 25636 | Shoals:1 | Noticed a titan
 25666 | Shoals:1 | Killed a titan
 26835 | Shoals:2 | Identified the +1 scale mail "Forum" {Int+6 Slay+2}
 27148 | Shoals:2 | Learned a level 4 spell: Anguish
 27151 | Shoals:2 | Learned a level 2 spell: Wereblood
 27158 | Shoals:2 | Learned a level 6 spell: Statue Form
 27196 | Shoals:3 | Reached XP level 17. HP: 136/136 MP: 32/32
 28089 | Shoals:4 | Entered Level 4 of the Shoals
 28161 | Shoals:4 | Noticed Nikola
 28163 | Shoals:4 | HP: 5/137 [Nikola/arc of chain lightning (68)]
 28166 | Shoals:4 | Noticed a kraken
 28168 | Shoals:4 | Noticed Mara
 28326 | Shoals:4 | Noticed bearlyready's illusion
 28332 | Shoals:4 | Killed Mara
 28441 | Shoals:3 | Killed Nikola
 28442 | Shoals:3 | Reached skill level 10 in Conjurations
 28442 | Shoals:3 | Reached skill level 10 in Hexes
 28442 | Shoals:3 | Reached skill level 10 in Summonings
 28442 | Shoals:3 | Reached skill level 10 in Necromancy
 28442 | Shoals:3 | Reached skill level 10 in Translocations
 28442 | Shoals:3 | Reached skill level 10 in Transmutations
 28442 | Shoals:3 | Reached skill level 10 in Ice Magic
 28442 | Shoals:3 | Reached skill level 10 in Air Magic
 28442 | Shoals:3 | Reached skill level 10 in Earth Magic
 28442 | Shoals:3 | Reached skill level 10 in Poison Magic
 28636 | Shoals:4 | Got a barnacled rune of Zot
 28756 | Shoals:4 | Found the +7 Singing Sword {vorpal, sonic wave}
 28855 | Shoals:4 | Got the Reference Book on Poison
 29385 | Snake:1  | Entered Level 1 of the Snake Pit
 29541 | Snake:1  | Noticed Agnes
 29554 | Snake:1  | Killed Agnes
 29629 | Snake:1  | Identified the +0 helmet of Polish {rElec rF+ Stlth+}
 29875 | Snake:1  | Identified the +3 leather armour "Hefadad" {rElec Int+4
                  | Slay+2}
 29916 | Snake:1  | Reached XP level 18. HP: 14/144 MP: 22/34
 29916 | Snake:1  | HP: 2/144 [salamander (12)]
 29916 | Snake:1  | Demolished by a salamander

Illustrated notes

Levels and vault maps discovered:
D:1:      scummos_arrival_forest, layout_rooms,
          shapermc_ecumenical_altar_notcrosses, serial_corexii_hall,
          chequers_hall_statues_wall_a, corexii_hall_statues_i
D:2:      layout_rooms, minmay_rat_hole, uniq_crazy_yiuf_cottage
D:3:      layout_loops_ring
D:4:      layout_loops_ring, serial_shops, nicolae_shop_hallway_stairs,
          uniq_natasha, uniq_grinder
D:5:      layout_cave_pods, lexackson_kobold_supper
D:6:      layout_gridville, portal_sewer_entry_e, skrybe_limestone_x,
          grunt_ministairs_13, moated_statue, minmay_hedge_maze,
          uniq_blork_the_orc
D:7:      layout_basic, minmay_temple_entry_junction, serial_shops,
          nicolae_shop_waterfront, minmay_chambers_of_fives, uniq_duvessa
D:8:      layout_gridville, nicolae_overflow_crystal_walls, david_lair_generic,
          st_stairs_1, nicolae_figureground_pulse
D:9:      layout_basic, serial_ice, serial_ice_a, serial_ice_i, serial_ice_h,
          serial_ice_e, dk_noncrumbling_2, uniq_psyche
D:10:     layout_cross, uniq_erica, uniq_grum, uniq_nergalle, uniq_harold,
          uniq_josephine
D:11:     layout_layer_cave, david_orc_2, uniq_erolcha, uniq_fannar
D:12:     layout_gridville, portal_ice_cave_rime, serial_shops,
          kennysheep_mini_moat, hangedman_incinerator
D:13:     layout_basic
D:14:     layout_roguey, david_vaults_1, palyth_stone_intersect
D:15:     grunt_enter_depths_hoard, layout_long_grid,
          chequers_serial_rivers_small_3
Temple:   kilobyte_greek_temple
Lair:1:   layout_cave_pods, gammafunk_ghost_cemetery, minivault_23,
          grunt_megastairs_1
Lair:2:   dragon1_lemuel, layout_chaotic_city, minmay_shoals_entry_centaurs,
          minmay_snake_entry_guardpost_large, lemuel_centaur_altar, uniq_urug,
          uniq_gastronok
Lair:3:   layout_small_grid, dreamdust_deal_with_the_devil, patterned_corridor,
          infiniplex_staircase_pool, grunt_megastairs_5
Lair:4:   layout_regular_city, basic_altar, serial_bayou_shore_b,
          grunt_megastairs_2
Lair:5:   layout_small_grid, slime_altar_2, dpeg_oklob_1, grunt_megastairs_4,
          lemuel_fruit_tree
Lair:6:   wormcave, layout_loops_ring, hangedman_lair_caniforms_friends
Shoals:1: cheibrodos_shoals_gigantism, layout_shoals
Shoals:2: layout_shoals, nicolae_shoals_flooded_hall
Shoals:3: layout_shoals
Shoals:4: shoals_end_grunt_garden, layout_shoals,
          nicolae_shoals_beach_house_on_fowls_legs, uniq_mara, uniq_nikola
Snake:1:  layout_layer_cave, st_stairs_8, grunt_ministairs_13,
          nicolae_snake_salamander_fort, uniq_aizul, uniq_donald, uniq_agnes
Orc:1:    orc_temple, layout_caves
Orc:2:    st_orc_town, layout_caves, serial_shops, shop

Skill      XL: |  1  2  3  4  5  6  7  8  9 10 11 12 13 14 15 16 17 |
---------------+----------------------------------------------------+-----
Invocations    | 1 2 3 4 5 6 7 8 9 10 11 12 13 | 13.1
Short Blades   | 1 2 3 4 5 6 7 8 9 10 11 12 | 12.1
Long Blades    | 1 2 3 4 5 6 7 8 9 10 11 12 | 12.1
Axes           | 1 2 3 4 5 6 7 8 9 10 11 12 | 12.1
Polearms       | 1 2 3 4 5 6 7 8 9 10 11 12 | 12.1
Staves         | 1 2 3 4 5 6 7 8 9 10 11 12 | 12.1
Slings         | 1 2 3 4 5 6 7 8 9 10 11 12 | 12.1
Bows           | 1 2 3 4 5 6 7 8 9 10 11 12 | 12.1
Crossbows      | 1 2 3 4 5 6 7 8 9 10 11 12 | 12.1
Throwing       | 1 2 3 4 5 6 7 8 9 10 11 12 | 12.1
Armour         | 1 2 3 4 5 6 7 8 9 10 11 12 | 12.1
Dodging        | 1 2 3 4 5 6 7 8 9 10 11 12 | 12.1
Stealth        | 1 2 3 4 5 6 7 8 9 10 11 12 | 12.1
Shields        | 1 2 3 4 5 6 7 8 9 10 11 12 | 12.1
Unarmed Combat | 1 2 3 4 5 6 7 8 9 10 11 12 | 12.1
Evocations     | 1 2 3 4 5 6 7 8 9 10 11 12 | 12.1
Spellcasting   | 3 4 5 6 7 8 9 10 11 12 | 12.4
Conjurations   | 1 2 3 4 5 6 7 8 9 10 | 10.2
Hexes          | 1 2 3 4 5 6 7 8 9 10 | 10.2
Summonings     | 1 2 3 4 5 6 7 8 9 10 | 10.2
Necromancy     | 1 2 3 4 5 6 7 8 9 10 | 10.2
Translocations | 1 2 3 4 5 6 7 8 9 10 | 10.2
Transmutations | 1 2 3 4 5 6 7 8 9 10 | 10.2
Ice Magic      | 1 2 3 4 5 6 7 8 9 10 | 10.2
Air Magic      | 1 2 3 4 5 6 7 8 9 10 | 10.2
Earth Magic    | 1 2 3 4 5 6 7 8 9 10 | 10.2
Poison Magic   | 1 2 3 4 5 6 7 8 9 10 | 10.2
Fighting       | 7 8 9 10 11 12 13 | 13.6
Maces & Flails | 7 8 9 10 11 12 13 | 13.6
Fire Magic     | 6 7 8 9 10 11 | 11.5

Action                   |  1- 3 |  4- 6 |  7- 9 | 10-12 | 13-15 | 16-18 || total
-------------------------+-------+-------+-------+-------+-------+-------++-------
Melee: Mace              |   117 |    53 |    16 |    24 |       |       ||   210
       Bite              |     7 |    17 |    74 |    85 |   320 |   134 ||   637
       Dagger            |       |   111 |   447 |    94 |       |       ||   652
       Punch             |       |     4 |    21 |    24 |       |       ||    49
       Flail             |       |       |    31 |    64 |       |       ||    95
       Battleaxe         |       |       |     6 |       |       |       ||     6
       Morningstar       |       |       |       |   535 |  1225 |       ||  1760
       Demon blade       |       |       |       |       |   421 |   877 ||  1298
 Fire: Fustibalus        |       |       |       |       |    17 |       ||    17
Throw: Dart              |       |     1 |       |    11 |       |       ||    12
       Boomerang         |       |       |       |     6 |       |     1 ||     7
       Throwing net      |       |       |       |     3 |       |       ||     3
       Javelin           |       |       |       |       |     9 |     2 ||    11
 Cast: Scorch            |    12 |     4 |       |       |     6 |       ||    22
       Frozen Ramparts   |       |       |       |     7 |    23 |     2 ||    32
       Animate Armour    |       |       |       |       |    11 |     3 ||    14
       Wereblood         |       |       |       |       |       |     6 ||     6
       Borgnjor's Vile C |       |       |       |       |       |     3 ||     3
       Anguish           |       |       |       |       |       |     1 ||     1
Invok: Slouch            |       |       |       |       |     1 |    13 ||    14
Evoke: Wand              |       |       |     1 |    11 |    16 |    17 ||    45
       Box of beasts     |       |       |       |       |     2 |     2 ||     4
       Phial of floods   |       |       |       |       |     1 |     1 ||     2
  Use: Scroll            |       |       |     8 |    11 |    21 |    11 ||    51
       Potion            |       |       |       |     3 |     6 |     4 ||    13
 Stab: Paralysed         |       |       |     2 |     2 |     3 |       ||     7
       Held in net/web   |       |       |       |     1 |       |       ||     1
       Invisible         |       |       |       |     2 |     3 |       ||     5
       Distracted        |       |       |       |       |     7 |     5 ||    12
       Sleeping          |       |       |       |       |     7 |     9 ||    16
Armor: Robe              |    28 |     3 |       |       |       |       ||    31
       Chain mail        |       |   109 |   384 |   732 |   758 |   282 ||  2265
       Scale mail        |       |       |       |       |       |    45 ||    45
Dodge: Dodged            |    85 |    43 |   241 |   675 |  1693 |   870 ||  3607
Block: Kite shield       |       |       |       |   142 |  1954 |  1077 ||  3173

Table legend: (Time is in decaauts)
 A = Elapsed time spent in this place.
 B = Non-inter-level travel time spent in this place.
 C = Inter-level travel time spent in this place.
 D = Time resting spent in this place.
 E = Time spent auto-exploring this place.
 F = Levels seen in this place.
 G = Mean time per level.
                   A        B        C        D        E       F      G
               +--------+--------+--------+--------+--------+-----+--------+
         Total |  45889 |  42520 |   3369 |    608 |  31280 |  34 | 1349.7 |
       Dungeon |  19216 |  17692 |   1524 |    232 |  13422 |  15 | 1281.1 |
        Temple |    263 |    191 |     72 |      0 |    182 |   1 |  263.0 |
          Lair |  12266 |  11487 |    779 |     72 |   9221 |   6 | 2044.3 |
        Shoals |   6433 |   5770 |    663 |    197 |   4005 |   4 | 1608.2 |
     Snake Pit |    881 |    781 |    100 |      0 |    549 |   1 |  881.0 |
  Orcish Mines |   3005 |   2777 |    228 |      0 |   2040 |   2 | 1502.5 |
         Abyss |   1773 |   1773 |      0 |     97 |    829 |   3 |  591.0 |
         Sewer |    782 |    782 |      0 |      0 |    567 |   1 |  782.0 |
      Ice Cave |   1267 |   1267 |      0 |     10 |    462 |   1 | 1267.0 |
               +--------+--------+--------+--------+--------+-----+--------+

Top non-repeatable levels by time:
  Lair:6: 2339 daAuts
  Lair:2: 2273 daAuts
  Lair:1: 2272 daAuts
    D:13: 1993 daAuts
  Lair:5: 1964 daAuts
  Lair:3: 1941 daAuts
Shoals:3: 1879 daAuts
    D:11: 1754 daAuts
     D:7: 1743 daAuts
Shoals:2: 1640 daAuts
     D:9: 1626 daAuts
Shoals:4: 1585 daAuts
   Orc:1: 1565 daAuts
    D:14: 1507 daAuts
    D:15: 1507 daAuts
